 Seeded DCSS version 0.27.1-34-g3ba077fa99 (webtiles) character file.

Game seed: 420757259524105916 (custom seed)

655 croobank the Slasher (level 7, 0/91 HPs)
             Began as a Minotaur Berserker on Jan 1, 2022.
             Was a Priest of Trog.
             Shot with a bolt by a kobold brigand (7 damage)
             ... on level 5 of the Dungeon.
             The game lasted 00:16:06 (3710 turns).

croobank the Slasher (Minotaur Berserker)           Turns: 3710, Time: 00:16:06

Health: 0/91       AC:  6    Str: 35    XL:     7   Next: 29%
Magic:  6/6        EV: 12    Int:  4    God:    Trog [***...]
Gold:   251        SH:  0    Dex: 10    Spells: 6/6 levels left

rFire    . . .     SeeInvis .   a - +2 triple sword (flame)
rCold    . . .     Faith    .   (shield currently unavailable)
rNeg     . . .     Spirit   .   p - +0 ring mail
rPois    .         Reflect  .   (helmet restricted)
rElec    .         Harm     .   (no cloak)
rCorr    .         Rampage  .   (no gloves)
Will     .....                  (no boots)
Stlth    ..........             (no amulet)
HPRegen  0.25/turn              o - +6 ring of strength
MPRegen  0.10/turn              s - +6 ring of strength

@: berserking (expiring), very quick
A: horns 2, retaliatory headbutt
a: Renounce Religion, Berserk, Trog's Hand


You were on level 5 of the Dungeon.
You worshipped Trog.
Trog was most pleased with you.
You visited 1 branch of the dungeon, and saw 5 of its levels.

You collected 251 gold pieces.

Inventory:

Hand Weapons
 a - a +2 triple sword of flaming (weapon)
 i - a +2 dagger of holy wrath
 n - a +0 falchion
Missiles
 j - 159 stones
 k - 19 bolts
 r - 39 arrows
 w - 14 poisoned darts (quivered)
Armour
 e - a +0 chain mail
 p - a +0 ring mail (worn)
Jewellery
 o - a +6 ring of strength (left hand)
 s - a +6 ring of strength (right hand)
Scrolls
 b - 2 scrolls of identify {identify, unknown}
 d - 3 scrolls of blinking {blinking, unknown}
 f - a scroll of magic mapping {magic mapping, unknown}
 h - a scroll of teleportation {teleport, unknown}
 l - a scroll of torment {torment, unknown}
 v - a scroll of summoning {summoning, unknown}
 x - a scroll of enchant weapon
Potions
 c - a potion of might {might, unknown}
 g - 2 potions of lignification {lignification, unknown}
 m - 4 potions of flight {flight, unknown}
 q - a potion of brilliance {brilliance, unknown}
 t - a potion of ambrosia {ambrosia, unknown}
 u - a potion of haste {haste, unknown}


   Skills:
 + Level 5.2 Fighting
 + Level 0.3(4.1) Short Blades
 + Level 7.2(7.3) Long Blades
 + Level 4.7 Armour
 + Level 4.0 Dodging
 + Level 1.0 Stealth


You had 6 spell levels left.
You didn't know any spells.
Your spell library was empty.

Dungeon Overview and Level Annotations

Branches:
Dungeon (5/15)
 Temple: D:4-7

Altars:
Xom

Shops:
D:2 [


Innate Abilities, Weirdness & Mutations

You have a pair of horns on your head.
You reflexively headbutt those who attack you in melee.


Message History

You slice the kobold!! You burn the kobold.
You kill the kobold!
Trog accepts your kill.
The kobold brigand unwields a +0 hand crossbow.
The kobold brigand wields a +0 club.
The kobold brigand barely misses you.
You riposte.
You hit the kobold brigand. You burn the kobold brigand.
Your headbutt misses the kobold brigand.
The kobold brigand is lightly wounded.
You closely miss the kobold brigand.
The kobold brigand is lightly wounded.
The kobold brigand hits you with a +0 club.
The kobold brigand closely misses you.
You hit the kobold. You burn the kobold.
You kill the kobold!
Trog accepts your kill.
The kobold brigand hits you with a +0 club.
* * * LOW HITPOINT WARNING * * *
You hit the kobold brigand. You burn the kobold brigand.
You headbutt the kobold brigand, but do no damage.
The kobold brigand is moderately wounded.
The kobold brigand hits you with a +0 club.
* * * LOW HITPOINT WARNING * * *
The kobold brigand hits you with a +0 club.
* * * LOW HITPOINT WARNING * * *
A red film seems to cover your vision as you go berserk!
You feel yourself moving faster!
You feel mighty!
The kobold brigand hits you with a +0 club.
* * * LOW HITPOINT WARNING * * *
You miss the kobold brigand.
Your headbutt misses the kobold brigand.
The kobold brigand is moderately wounded.
The kobold brigand hits you with a +0 club.
* * * LOW HITPOINT WARNING * * *
You are too berserk!
You feel a strong urge to attack something.
The kobold brigand unwields a +0 club.
The kobold brigand wields a +0 hand crossbow.
The kobold brigand shoots a bolt.
The bolt closely misses you.
The kobold brigand shoots a bolt.
The bolt hits you!
You die...

................... #.# ##.
.[##......K.###....... #.# #..
.# .......K......### #.#
#.##.. .#.#.##K.....## #.#
#....# #.........#####.# #.#
##..#.# #..)##)#........#
#.###...#.# ##....K.#..#......
#.##......###....###......####
#.##.#).).....@####..####....
#.##.#).###<..........# ###.
#.##....# #.#.........# .
###.†)...####.#.........#
......†..###..#.........#
..........†......########
.......#####.#.### .....###
#<....# .....# #..####


You could see a kobold brigand.

Vanquished Creatures
  A black bear (D:5)
  5 killer bees (D:5)
  An orc priest (D:4)
  2 iguanas
  3 orc wizards
  A gnoll (D:1)
  A howler monkey skeleton (D:4)
  6 adders
  An adder zombie (D:5)
  An adder skeleton (D:4)
  3 worms
  8 orcs
  9 endoplasms
  3 giant cockroaches
  7 goblins
  9 hobgoblins
  10 jackals (D:1)
  4 quokkas
  5 ball pythons
  7 bats
  2 frilled lizards
  12 kobolds
  4 rats (D:1)
105 creatures vanquished.

Notes
Turn   | Place    | Note
-------+----------+-------------------------------------------
     0 | D:1      | croobank the Minotaur Berserker began the quest for the
                  | Orb.
     0 | D:1      | Reached XP level 1. HP: 19/19 MP: 0/0
   205 | D:1      | Reached XP level 2. HP: 24/27 MP: 1/1
   245 | D:1      | Reached skill level 4 in Long Blades
   762 | D:1      | Reached XP level 3. HP: 33/33 MP: 2/2
   899 | D:1      | Reached ** piety under Trog
  1290 | D:1      | Found a faded altar of an unknown god.
  1525 | D:2      | Found Toes's Armour Shop.
  1566 | D:2      | Found a shimmering altar of Xom.
  1596 | D:2      | Reached XP level 4. HP: 35/40 MP: 3/3
  1704 | D:2      | Reached skill level 5 in Long Blades
  2607 | D:3      | Reached XP level 5. HP: 46/46 MP: 4/4
  2677 | D:3      | Reached *** piety under Trog
  3308 | D:4      | Reached skill level 6 in Long Blades
  3430 | D:4      | Reached XP level 6. HP: 46/53 MP: 5/5
  3502 | D:5      | Entered Level 5 of the Dungeon
  3528 | D:5      | Reached skill level 1 in Stealth
  3535 | D:5      | Reached skill level 5 in Fighting
  3535 | D:5      | Reached skill level 7 in Long Blades
  3535 | D:5      | Reached XP level 7. HP: 47/61 MP: 6/6
  3710 | D:5      | Shot with a bolt by a kobold brigand

Illustrated notes

Levels and vault maps discovered:
D:1:      lemuel_arrival_room, layout_loops_ring,
          shapermc_ecumenical_altar_mp_vishouse, minmay_pentomino_t2
D:2:      minmay_door_path, layout_basic, basic_altar, serial_shops, shop
D:3:      layout_basic
D:4:      layout_loops_ring
D:5:      layout_rooms, mainiacjoe_overflow_alcove_2, kennysheep_windowed_goal

Skill      XL: |  1  2  3  4  5  6 |
---------------+-------------------+-----
Long Blades    | 4 5 6 7 |  7.2
Fighting       | 4 5 |  5.2
Dodging        | 3 4 |  4.0
Armour         | 3 4 |  4.7
Stealth        | 1 |  1.0
Short Blades   | |  0.3

Action                   |  1- 3 |  4- 6 |  7- 9 || total
-------------------------+-------+-------+-------++-------
Melee: Falchion          |    78 |    79 |       ||   157
       Headbutt          |    18 |    21 |     5 ||    44
       Dagger            |       |    10 |       ||    10
       Triple sword      |       |     1 |    22 ||    23
Invok: Berserk           |       |     1 |     1 ||     2
       Trog's Hand       |       |     1 |       ||     1
  Use: Scroll            |     1 |       |       ||     1
       Potion            |       |     1 |       ||     1
Armor: Animal skin       |    18 |       |       ||    18
       Ring mail         |       |    22 |     7 ||    29
Dodge: Dodged            |    54 |    60 |    14 ||   128
       Rpst.: Falchion   |    19 |     9 |       ||    28
       Triple sword      |       |       |     2 ||     2
